 Dungeon Crawl Stone Soup version 0.21-a0-525-ga34b322b0b (webtiles) character file.

270 Cheet4h the Shield-Bearer (level 6, -7/52 HPs)
             Began as a Draconian Fighter on Dec 7, 2017.
             Mangled by an orc warrior
             ... wielding a +0 halberd
              (25 damage)
             ... on level 4 of the Dungeon.
             The game lasted 00:07:02 (3828 turns).

Cheet4h the Shield-Bearer (Draconian Fighter)       Turns: 3828, Time: 00:07:03

Health: -7/52      AC:  6    Str: 20    XL:     6   Next: 1%
Magic:  6/6        EV: 11    Int: 13    God:
Gold:   182        SH:  9    Dex: 11    Spells: 5/5 levels left

rFire    . . .     SeeInvis +   a - +1 long sword
rCold    . . .     Gourm    .   b - +0 shield
rNeg     . . .     Faith    .   (armour unavailable)
rPois    .         Spirit   .   (helmet restricted)
rElec    .         Reflect  .   (no cloak)
rCorr    .         Harm     .   (no gloves)
MR       +....                  (no boots)
Stlth    +.........             (no amulet)
HPRegen  0.17/turn              e - ring of see invisible
MPRegen  0.10/turn              n - ring of protection from magic

@: brilliant, hasted, very quick
A: unfitting armour, cold-blooded, AC +6
a: no special abilities


You were on level 4 of the Dungeon.
You were hungry.

You visited 1 branch of the dungeon, and saw 4 of its levels.

You collected 182 gold pieces.

Inventory:

Hand Weapons
 a - a +1 long sword (weapon)
Armour
 b - a +0 shield (worn)
Jewellery
 e - a ring of see invisible (left hand)
 n - a ring of protection from magic (right hand)
Wands
 m - a wand of random effects (8)
Scrolls
 o - a scroll of fear {unknown}
Potions
 i - a potion of cancellation {unknown}
 j - a potion of lignification {unknown}
 k - a potion of heal wounds {unknown}
Comestibles
 d - 4 bread rations
 f - 3 meat rations
 l - a royal jelly


   Skills:
 + Level 4.1 Fighting
 + Level 3.9 Long Blades
 + Level 3.7 Dodging
 + Level 1.0 Stealth
 + Level 4.3 Shields


You had 5 spell levels left.
You didn't know any spells.

Dungeon Overview and Level Annotations

Branches:
Dungeon (4/15)
 Temple: D:4-7

Altars:
Dithmenos
Elyvilon
Nemelex Xobeh


Innate Abilities, Weirdness & Mutations

Your plain brown scales are hard. (AC +6)
You cannot fit into any form of body armour.
You are cold-blooded and may be slowed by cold attacks.


Message History

The orc warrior barely misses you.
You riposte.
You closely miss the orc warrior.
The orc warrior is moderately wounded.
The orc warrior hits you with a halberd!
You slash the orc warrior!
The orc warrior is severely wounded.
The orc warrior barely misses you.
It was a potion of haste.
You feel yourself speed up. The orc warrior barely misses you.
You slash the orc warrior!
The orc warrior is almost dead.
You barely miss the orc warrior.
The orc warrior is almost dead.
The orc warrior closely misses you.
You riposte.
You barely miss the orc warrior.
The orc warrior is almost dead.
You hit the orc warrior but do no damage.
The orc warrior is almost dead.
The orc warrior hits you with a halberd!!
You die...

#.........##
###........#
#.####.#.# #.#
#.#.#
###.####.#.#
#........#[#
#.#.###....#
#.#.##.....##
#@#.##.#....#
#o#........##
#o######.###
#o# ### #o#
... .#.#.
....#.#
.#.#####.#.#..
### .


You could see an orc warrior and 3 orcs.

Vanquished Creatures
  An ogre (D:4)
  10 adders
  4 worms
  2 leopard geckos
  7 orcs (D:3)
  9 bats
  5 giant cockroaches
  9 goblins
  6 hobgoblins
  3 jackals (D:2)
  8 kobolds
  3 quokkas
  3 frilled lizards
  4 rats
74 creatures vanquished.

Notes
Turn   | Place    | Note
-------+----------+-------------------------------------------
     0 | D:1      | Cheet4h the Draconian Fighter began the quest for the Orb.
     0 | D:1      | Reached XP level 1. HP: 19/19 MP: 1/1
   531 | D:1      | Reached XP level 2. HP: 22/26 MP: 2/2
  1082 | D:2      | Reached XP level 3. HP: 20/31 MP: 3/3
  1360 | D:2      | Reached XP level 4. HP: 12/38 MP: 4/4
  1819 | D:2      | Found a sparkling altar of Nemelex Xobeh.
  2439 | D:3      | Found a shadowy altar of Dithmenos.
  2545 | D:3      | Reached XP level 5. HP: 31/46 MP: 5/5
  2777 | D:3      | Found a white marble altar of Elyvilon.
  3502 | D:4      | Noticed an ogre
  3515 | D:4      | Killed an ogre
  3515 | D:4      | Reached skill level 1 in Stealth
  3804 | D:4      | Noticed an orc warrior
  3811 | D:4      | Reached XP level 6. HP: 39/52 MP: 6/6
  3828 | D:4      | Mangled by an orc warrior

Vault maps used:
D:1:      wheals_arrival_linesprint
D:2:      nemelex_xobeh_ov_fountains_minmay, serial_bayou_pond_e,
          minmay_tromino_v4_b
D:3:      grunt_dithmenos_smoke, elyvilon_altar_3
D:4:      first_bread, kennysheep_minor_cross, lemuel_old_faithful, uniq_robin

Skill      XL: |  1  2  3  4  5 |
---------------+----------------+-----
Dodging        | 3 |  3.7
Long Blades    | 3 |  3.9
Shields        | 4 |  4.3
Fighting       | 4 |  4.1
Stealth        | 1 |  1.0

Action                   |  1- 3 |  4- 6 || total
-------------------------+-------+-------++-------
Melee: Long sword        |   106 |   141 ||   247
       Tailslap          |     6 |    21 ||    27
  Use: Scroll            |     1 |     5 ||     6
       Potion            |       |     3 ||     3
 Stab: Sleeping          |     2 |       ||     2
  Eat: Chunk             |     1 |     8 ||     9
Armor: Skin              |    47 |    33 ||    80
Dodge: Dodged            |    59 |    68 ||   127
Block: Shield            |    81 |    85 ||   166
       Rpst.: Long sword |    22 |    19 ||    41

Table legend:
 A = Spawn XP
 B = Non-spawn XP
 C = Spawn XP percentage of total XP
 D = Spawn monster count
 E = Non-spawn monster count
 F = Spawn count percentage of total count
 G = Total turns spent on level
                    A         B        C        D         E        F      G
               +---------+---------+-------+---------+---------+-------+---------
         Total |       0 |     387 |   0.0 |       0 |      74 |   0.0 |  3828
               +---------+---------+-------+---------+---------+-------+---------
           D:1 |       0 |      30 |   0.0 |       0 |      17 |   0.0 |  1063
           D:2 |       0 |     125 |   0.0 |       0 |      29 |   0.0 |  1361
           D:3 |       0 |      94 |   0.0 |       0 |      24 |   0.0 |  1024
           D:4 |       0 |     138 |   0.0 |       0 |       4 |   0.0 |   380
               +---------+---------+-------+---------+---------+-------+---------
